 Dungeon Crawl Stone Soup version 0.18.1-1-g2f07953 (webtiles) character file.

133 Ihatecarrots00 the Cudgeler (level 4, -1/41 HPs)
             Began as a Minotaur Berserker on May 13, 2016.
             Was a Believer of Trog.
             Slain by a worm (4 damage)
             ... on level 3 of the Dungeon.
             The game lasted 00:14:32 (3583 turns).

Ihatecarrots00 the Cudgeler (Minotaur Berserker)    Turns: 3583, Time: 00:14:32

Health: -1/41      AC:  2    Str: 21    XL:     4   Next: 93%
Magic:  2/2        EV: 13    Int: 11    God:    Trog [**....]
Gold:   199        SH:  0    Dex: 11    Spells: 0 memorised, 3 levels left

rFire  . . .     SeeInvis .     a - +2 mace
rCold  . . .     Gourm    .     b - +0 animal skin
rNeg   . . .     Faith    .     (no shield)
rPois  .         Spirit   .     (helmet restricted)
rElec  .         Dismiss  .     (no cloak)
rCorr  .         Reflect  .     (no gloves)
SustAt .         Harm     .     (no boots)
MR     .....                    (no amulet)
Stlth  +.........               (no ring)
                                (no ring)

@: brilliant, exhausted, slowed, very slow, not resistant to hostile
enchantments, very unstealthy
A: retaliatory headbutt, horns 2, blurry vision 1, clever 1, low mp 1
a: Berserk, Trog's Hand, Burn Spellbooks, Renounce Religion


You were on level 3 of the Dungeon.
You worshipped Trog.
Trog was pleased with you.
You were hungry.

You visited 1 branch of the dungeon, and saw 3 of its levels.

You collected 199 gold pieces.

Inventory:

Hand Weapons
 a - a +2 mace (weapon)
Armour
 b - a +0 animal skin (worn)
Jewellery
 d - an uncursed amulet of magic regeneration {unknown}


   Skills:
 + Level 4.7 Fighting
 + Level 4.8 Maces & Flails
 + Level 2.8 Armour
 + Level 3.7 Dodging
 + Level 0.1 Stealth


You had 3 spell levels left.
You didn't know any spells.

Dungeon Overview and Level Annotations

Branches:
Dungeon (3/15)

Altars:
Xom


Innate Abilities, Weirdness & Mutations

You reflexively headbutt those who attack you in melee.
You have a pair of horns on your head.
Scrolls take you a little longer to read.
Your mind is acute. (Int +2)
Your magical capacity is low (-10% MP).


Message History

The worm bites you!
* * * LOW HITPOINT WARNING * * *
The worm barely misses you.
Things that are here:
an enchanted falchion; 10 gold pieces The worm bites you but does no damage.
You're too exhausted to go berserk.
Drink which item? (? for menu, Esc to quit)
It was a potion of berserk rage.
You're too exhausted to go berserk.
The worm bites you.
* * * LOW HITPOINT WARNING * * *
Drink which item? (? for menu, Esc to quit)
It was a potion of mutation.
You feel extremely strange.
Your vision blurs.
You feel less energetic.
You feel clever. The worm barely misses you.
Drink which item? (? for menu, Esc to quit)
It was a potion of brilliance.
You feel clever all of a sudden. The worm bites you.
You die...

..........# ..........# #
..........# .# ..........#
###.#### .........### >.......
......... ...... ....#
#...#####..... .... .####
#.@.##......# .... .#
#)w.##......# ..... .#
#..)##......# ..... .#####
#...##......#......
.....##########.).##.....%#......
.).................'............$
.....##########...##..?.).#......
.....# #...##......# ..... .....#
#...##......# ....


You could see a worm.

Vanquished Creatures
  Ijyb (D:3)
  5 adders (D:2)
  A worm (D:2)
  2 dart slugs
  2 giant geckos
  An orc (D:3)
  6 bats
  A giant cockroach (D:2)
  5 goblins
  6 hobgoblins
  7 jackals
  A ball python (D:1)
  2 giant newts
  7 kobolds
  7 rats
54 creatures vanquished.

Notes
Turn   | Place    | Note
--------------------------------------------------------------
     0 | D:1      | Ihatecarrots00 the Minotaur Berserker began the quest for the Orb.
     0 | D:1      | Reached XP level 1. HP: 19/19 MP: 0/0
    47 | D:1      | Found a shimmering altar of Xom.
   494 | D:1      | Reached XP level 2. HP: 27/27 MP: 1/1
  1114 | D:1      | Reached ** piety under Trog
  1122 | D:1      | Reached XP level 3. HP: 29/33 MP: 2/2
  2424 | D:2      | Reached XP level 4. HP: 31/41 MP: 3/3
  3541 | D:3      | Noticed Ijyb
  3571 | D:3      | Killed Ijyb
  3581 | D:3      | HP: 2/41 [worm (2)]
  3582 | D:3      | Gained mutation: Scrolls take you a little longer to read. [potion of mutation]
  3582 | D:3      | Gained mutation: Your magical capacity is low (-10% MP). [potion of mutation]
  3582 | D:3      | Gained mutation: Your mind is acute. (Int +2) [potion of mutation]
  3583 | D:3      | Slain by a worm

Skill      XL: |  1  2  3 |
---------------+----------+-----
Maces & Flails | 4 |  4.8
Fighting       | 4 |  4.7
Dodging        | 3 |  3.7
Armour         | |  2.8
Stealth        | |  0.1

Action                   |  1- 3 |  4- 6 || total
-------------------------+-------+-------++-------
Melee: Mace              |    60 |    23 ||    83
       Headbutt          |    14 |     3 ||    17
Invok: Berserk           |     1 |     1 ||     2
  Use: Scroll            |     1 |     4 ||     5
       Potion            |       |     3 ||     3
  Eat: Meat ration       |     1 |       ||     1
       Bread ration      |     1 |       ||     1
Armor: Animal skin       |    15 |     1 ||    16
Dodge: Dodged            |    65 |    43 ||   108
